Map: Backwater LE

Players

Ixtlilton

  • Race: Protoss Protoss
  • League: Platinum
  • Spawn Location: 5:00

Galeforce - Winner!

  • Race: Terran Terran
  • League: Diamond
  • Spawn Location: 11:00

VOD

Have the link to the VOD?

Description

Time

  • Played on: Feb. 11, 2018, 5:36 p.m.
  • Length: 6:27
Show
View Real Time Build Order
Export as new Build Order

Ixtlilton Protoss 

Build Orders: 1 Gate Expand 

Get SALT Encoding   

  12  0:01  Probe  
  13  0:13  Probe  
  14  0:18  Pylon  
  14  0:25  Probe  
  15  0:37  Probe (Chrono Boost), Gateway  
  16  0:47  Probe (Chrono Boost), Assimilator  
  17  0:52  Probe (Chrono Boost)  
  18  1:04  Probe  
  19  1:17  Probe  
  20  1:25  Nexus  
  21  1:35  Cybernetics Core  
  21  1:39  Probe  
  21  1:51  Assimilator, Probe  
  22  1:55  Pylon  
  22  2:10  Probe  
  22  2:14  Warp Gate (Chrono Boost)  
  23  2:16  Stalker  
  23  2:22  Probe  
  26  2:24  Pylon  
  26  2:34  Probe  
  27  2:39  Robotics Facility  
  27  2:41  Probe  
  28  2:53  Stalker  
  30  3:00  Probe, Shield Battery  
  30  3:03  Probe  
  32  3:13  Gateway  
  32  3:16  Probe  
  32  3:17  Probe  
  34  3:23  Pylon  
  34  3:29  Probe  
  35  3:35  Immortal (Chrono Boost)  
  39  3:43  Probe x2  
  41  3:48  Assimilator  
  41  3:55  Probe  
  42  4:00  Gateway  
  42  4:08  Probe x2  
  44  4:16  Immortal (Chrono Boost)  
  44  4:20  Probe  
  49  4:26  Probe  
  49  4:30  Pylon  
  50  4:33  Probe  
  50  4:38  Zealot x2, Forge  
  55  4:44  Twilight Council  
  55  4:49  Shield Battery  
  55  4:53  Immortal (Chrono Boost)  
Show
View Real Time Build Order
Export as new Build Order

Galeforce Terran - Winner!

Build Orders: Cyclone Opening 

Get SALT Encoding   

  12  0:00  SCV  
  13  0:13  SCV  
  14  0:17  Supply Depot  
  14  0:26  Refinery  
  14  0:27  SCV  
  15  0:43  Barracks  
  15  0:45  SCV  
  16  0:58  SCV  
  16  0:59  Refinery  
  17  1:10  SCV  
  18  1:16  Supply Depot  
  18  1:23  SCV  
  19  1:35  Barracks Reactor  
  19  1:41  Factory  
  19  1:53  Orbital Command  
  19  2:21  Factory  
  19  2:35  Cyclone  
  19  2:36  Cyclone  
  25  2:39  Barracks Reactor  
  25  2:40  SCV  
  26  2:53  SCV  
  27  2:59  Supply Depot  
  27  3:03  Supply Depot  
  27  3:12  Cyclone  
  30  3:21  Cyclone  
  33  3:37  Cyclone  
  33  3:39  Hellion  
  38  3:47  Hellion  
  40  4:00  Cyclone  
  43  4:03  Supply Depot  
  43  4:04  Hellion  
  45  4:11  Hellion  
  47  4:33  Hellion  
  47  4:34  Hellion  
  47  4:37  Cyclone  
  54  4:43  Supply Depot  
  49  5:15  Cyclone x2  
  55  5:38  Cyclone x2  
Tags
 
Add a new tag
Caveats
  • Supply blocks, unpowered buildings, or Contaminate may cause inaccurate times.
  • Supply counts are checked every 10 seconds.